Map: Hardwire LE

Players

QuantumNoobs

  • Race: Terran Terran
  • League: Diamond
  • Spawn Location: 7:00

Warthog - Winner!

  • Race: Terran Terran
  • League: Diamond
  • Spawn Location: 1:00

VOD

Have the link to the VOD?

Description

Time

  • Played on: Dec. 7, 2021, 5:23 p.m.
  • Length: 10:31
Show
View Real Time Build Order
Export as new Build Order

QuantumNoobs Terran 

Build Orders: Mech 

Get SALT Encoding   

  12  0:00  SCV  
  13  0:12  SCV  
  14  0:19  Supply Depot  
  14  0:24  SCV  
  15  0:40  SCV  
  16  0:44  Barracks  
  16  0:56  Barracks  
  16  1:02  Refinery  
  16  1:08  Refinery  
  16  1:16  SCV  
  17  1:28  SCV  
  17  1:29  Supply Depot  
  18  1:40  Reaper  
  19  1:49  Reaper  
  20  1:57  Barracks  
  19  2:13  Orbital Command  
  19  2:18  Reaper  
  20  2:24  Reaper  
  21  2:45  Reaper  
  21  2:50  Reaper, Factory  
  23  2:54  SCV  
  24  2:59  Reaper  
  24  3:28  SCV  
  23  3:44  Command Center  
  23  3:46  SCV  
  24  3:54  Factory Tech Lab  
  24  4:12  Cyclone  
  24  4:15  Starport  
  24  4:17  Starport  
  27  4:20  SCV  
  28  4:32  SCV  
  29  4:44  SCV  
  30  4:53  Starport Tech Lab x2  
  30  4:56  SCV  
  30  4:57  Orbital Command  
  31  5:11  Banshee x2, Cloaking Field  
  37  5:21  Siege Tank  
  40  5:22  SCV  
  40  5:24  SCV  
  42  5:41  Barracks Tech Lab  
  42  5:42  Barracks Reactor, Barracks Tech Lab  
  42  5:47  Command Center  
  42  5:49  SCV  
  43  5:50  SCV  
  46  6:05  SCV x2  
  46  6:14  Engineering Bay x2  
  46  6:15  Supply Depot  
  46  6:28  SCV x2  
  42  6:38  Factory  
  42  6:39  Siege Tank  
  45  6:42  Factory  
  45  6:43  Marine x2  
  45  6:44  Marine x2  
  49  6:49  Refinery  
  49  6:52  Refinery  
  49  6:54  SCV  
  49  6:57  SCV  
  51  7:02  Stimpack  
  51  7:03  Marine  
  51  7:05  Marine  
  53  7:09  Marine x2  
  53  7:14  SCV x2  
  58  7:20  Orbital Command  
  57  7:24  Combat Shield  
  57  7:25  Marine  
  57  7:26  SCV  
  57  7:28  Terran Infantry Weapons Level 1  
  59  7:34  Marine x2  
  61  7:39  Siege Tank  
  61  7:41  Marine  
  61  7:42  Marine  
  66  7:55  Marine x2  
  66  7:58  SCV  
  69  8:14  Supply Depot, SCV x3, Siege Tank, Marine x2  
  69  8:19  Marine  
  80  8:20  Supply Depot, Siege Tank  
  80  8:24  Siege Tank  
  80  8:26  SCV, Marine  
  85  8:40  Medivac  
  87  8:43  Marine x2  
  87  8:44  Marine x2  
  87  8:46  Siege Tank  
  94  8:50  SCV  
  94  8:52  SCV x2  
  97  9:01  Marine x3  
  97  9:02  Marine  
  86  9:13  Siege Tank  
  85  9:19  Marine x4  
  88  9:37  Marine x4  
  87  9:39  Siege Tank x2  
  87  9:45  Siege Tank  
  73  9:47  Medivac x2  
  73  9:52  SCV x2  
  77  9:54  Marine  
  77  9:55  Marine x3  
  61  10:11  SCV  
  61  10:12  SCV, Marine x2  
  61  10:13  Marine x2  
Show
View Real Time Build Order
Export as new Build Order

Warthog Terran - Winner!

Build Orders:  

Get SALT Encoding   

  12  0:00  SCV  
  13  0:13  SCV  
  14  0:17  Supply Depot  
  14  0:25  SCV  
  15  0:39  SCV  
  15  0:41  Barracks  
  16  0:45  Refinery  
  16  0:51  SCV  
  17  0:57  Refinery  
  17  1:03  SCV  
  18  1:15  SCV  
  19  1:29  Reaper, Orbital Command  
  20  1:45  Factory  
  20  1:53  Supply Depot  
  20  1:55  SCV  
  21  2:01  Reaper  
  21  2:07  SCV  
  22  2:24  Bunker  
  22  2:32  Hellion  
  22  2:33  SCV, Marine  
  22  2:35  Supply Depot  
  26  2:47  SCV  
  26  2:51  Marine  
  27  2:57  Hellion  
  30  2:59  SCV  
  30  3:04  Command Center  
  31  3:15  Marine  
  32  3:28  Factory Tech Lab  
  32  3:30  SCV  
  33  3:39  Barracks Reactor  
  33  3:42  SCV  
  34  3:49  Cyclone  
  37  3:56  SCV, Starport  
  37  4:00  Supply Depot  
  37  4:17  Orbital Command, Marine x2  
  37  4:20  SCV  
  43  4:25  Siege Tank  
  43  4:32  Starport Tech Lab  
  43  4:35  Starport Reactor  
  43  4:39  Command Center  
  43  4:40  Orbital Command  
  43  4:44  Marine x2  
  45  4:45  SCV  
  46  4:58  SCV  
  47  5:00  Siege Tank  
  47  5:02  Marine x2  
  47  5:05  Barracks  
  47  5:06  Barracks  
  52  5:09  SCV  
  52  5:10  SCV  
  54  5:21  SCV  
  54  5:22  SCV  
  56  5:32  Viking  
  56  5:33  Viking, SCV  
  56  5:34  SCV  
  62  5:40  Supply Depot  
  62  5:43  Supply Depot  
  62  5:50  SCV x2  
  62  5:54  Cyclone, Marine x2  
  69  5:59  Orbital Command  
  69  6:03  Engineering Bay x2  
  71  6:09  SCV  
  71  6:10  Barracks Tech Lab  
  70  6:12  Barracks Tech Lab  
  70  6:13  SCV  
  70  6:17  Viking  
  73  6:21  SCV  
  73  6:23  Viking  
  73  6:24  Marine  
  77  6:30  SCV  
  78  6:33  Missile Turret  
  78  6:34  Missile Turret  
  78  6:39  SCV x2  
  80  6:41  Missile Turret  
  80  6:43  Refinery  
  80  6:47  Refinery  
  80  7:01  Stimpack, Combat Shield  
  80  7:02  Terran Infantry Armor Level 1, Terran Infantry Weapons Level 1  
  80  7:07  Marine  
  81  7:13  Viking  
  81  7:15  Marine x2  
  85  7:16  SCV x2  
  85  7:17  Orbital Command  
  87  7:28  SCV x2  
  89  7:31  Marine x2  
  89  7:36  Supply Depot x2  
  91  7:38  Missile Turret  
  91  7:40  SCV  
  92  7:47  SCV  
  93  7:57  SCV x2  
  95  7:59  Supply Depot, SCV  
  95  8:02  Armory  
  95  8:03  Supply Depot, Barracks  
  95  8:05  Barracks  
  96  8:09  SCV x2, Marine  
  96  8:10  Marine x2  
  96  8:11  SCV  
  102  8:13  Siege Tank, Marine  
  106  8:21  SCV x2  
  108  8:27  Supply Depot, Marine  
  108  8:30  Supply Depot, SCV  
  108  8:33  Refinery x2, SCV x2  
  108  8:34  Concussive Shells, Marauder  
  113  8:36  Marauder, Marine  
  114  8:41  Viking x2  
  114  8:45  Marine  
  119  8:51  SCV  
  119  8:52  SCV  
  121  8:59  Marine  
  121  9:00  Marauder  
  118  9:11  Liberator  
  120  9:17  Barracks Tech Lab  
  120  9:18  Barracks Reactor  
  120  9:19  Command Center, Marine  
  120  9:20  SCV, Marauder, Marine  
  120  9:21  SCV  
  125  9:36  Command Center  
  125  9:37  Marauder, Marine x2  
  113  9:40  Medivac, Siege Tank  
  113  9:41  Marauder  
  113  9:45  SCV  
  111  9:55  Marine x2  
  111  9:58  Marauder  
  104  10:02  SCV x2, Marine  
  107  10:13  Marine  
Tags
 
Add a new tag
Caveats
  • Supply blocks, unpowered buildings, or Contaminate may cause inaccurate times.
  • Supply counts are checked every 10 seconds.